Map: Oxide LE

Players

SpeCial

  • Race: Terran Terran
  • League: Master

DPGCure (Cure) - Winner!

  • Race: Terran Terran
  • League: Master

Event: TSL 7

VOD

Have the link to the VOD?

Description

Time

  • Played on: June 12, 2021, 10:35 a.m.
  • Length: 8:47

All games in this series

Show
View Real Time Build Order
Export as new Build Order

SpeCial Terran 

Build Orders: Gas First Reaper Expand 

Get SALT Encoding   

  12  0:00  SCV  
  13  0:12  SCV  
  14  0:16  Supply Depot  
  14  0:24  SCV  
  14  0:27  Refinery  
  15  0:38  SCV  
  16  0:43  Barracks  
  16  0:50  SCV  
  17  1:02  SCV  
  18  1:14  SCV  
  19  1:30  Reaper, Orbital Command  
  20  1:44  Command Center  
  20  1:52  Factory  
  20  1:56  SCV  
  21  2:03  Supply Depot  
  21  2:04  Marine  
  22  2:09  SCV  
  22  2:12  Refinery  
  23  2:25  Marine, SCV  
  25  2:35  Hellion  
  27  2:37  SCV, Starport  
  27  2:42  Marine  
  29  2:49  SCV  
  30  3:01  Barracks Tech Lab, SCV, Widow Mine  
  30  3:05  Orbital Command  
  33  3:13  SCV  
  33  3:16  Refinery  
  34  3:20  Supply Depot  
  34  3:24  Banshee  
  34  3:25  SCV  
  34  3:26  Factory Tech Lab  
  38  3:29  Barracks Reactor  
  38  3:33  SCV  
  39  3:37  SCV  
  40  3:45  SCV  
  40  3:48  Cyclone  
  44  3:50  SCV  
  45  3:58  SCV  
  45  4:02  SCV  
  47  4:04  Command Center  
  47  4:07  Supply Depot  
  47  4:11  Raven  
  47  4:15  SCV x2  
  51  4:22  Cyclone  
  54  4:28  Marine x2  
  54  4:30  Supply Depot  
  56  4:33  SCV  
  56  4:37  SCV  
  55  4:45  SCV  
  56  4:46  Marine x2  
  56  4:49  SCV  
  59  4:54  Raven  
  59  4:57  SCV  
  59  4:59  Siege Tank  
  61  5:01  SCV  
  62  5:16  Marine x2, SCV x2  
  62  5:19  Orbital Command  
  66  5:26  Engineering Bay  
  66  5:28  SCV x2  
  68  5:32  Siege Tank  
  73  5:39  Refinery  
  73  5:40  SCV x2  
  73  5:43  Barracks  
  73  5:45  Barracks  
  73  5:47  Supply Depot, Viking  
  73  5:49  Viking, Orbital Command  
  76  5:50  Marine  
  76  5:52  SCV x2  
  76  5:56  Stimpack  
  79  6:02  Engineering Bay  
  79  6:03  Missile Turret  
  79  6:04  SCV x2  
  79  6:08  Siege Tank, Marine  
  85  6:14  SCV  
  85  6:16  SCV  
  87  6:22  Missile Turret  
  87  6:25  Viking x2  
  91  6:26  Marine  
  91  6:27  SCV  
  91  6:30  Supply Depot  
  91  6:32  SCV  
  94  6:33  Terran Infantry Weapons Level 1  
  94  6:37  Terran Infantry Armor Level 1  
  92  6:43  Marine  
  92  6:46  Marine  
  90  6:47  Marine  
  90  6:49  Siege Tank  
  90  6:50  SCV x2  
  96  6:54  SCV  
  96  6:57  Supply Depot  
  97  7:02  SCV  
  97  7:04  Viking x2  
  97  7:07  SCV  
  97  7:08  SCV, Refinery  
  104  7:09  Refinery  
  104  7:11  Barracks Reactor  
  104  7:12  Barracks Reactor, Barracks  
  104  7:14  SCV  
  105  7:24  SCV x2  
  105  7:26  SCV  
  105  7:27  Barracks  
  107  7:30  Supply Depot x2, Siege Tank  
  107  7:36  SCV x2  
  112  7:40  SCV  
  112  7:42  Sensor Tower  
  112  7:43  Marine  
  112  7:51  SCV  
  112  7:54  SCV  
  112  7:55  Supply Depot  
  112  7:56  Marine x2  
  117  7:59  Marine  
  117  8:02  Siege Tank  
  117  8:04  Marine  
  116  8:06  Marine x2  
  116  8:07  Viking  
  120  8:15  Marine  
  120  8:16  Marine x2  
  120  8:17  Marine  
  124  8:23  Marine  
  124  8:24  Marine  
Show
View Real Time Build Order
Export as new Build Order

DPGCure Terran - Winner!

Build Orders: Banshee Rush 

Get SALT Encoding   

  12  0:00  SCV  
  13  0:12  SCV  
  14  0:17  Supply Depot  
  14  0:24  SCV  
  15  0:38  SCV  
  15  0:40  Barracks  
  15  0:42  Refinery  
  16  0:51  SCV  
  16  0:52  Refinery  
  17  1:03  SCV  
  18  1:15  SCV  
  19  1:26  Reaper  
  19  1:27  Supply Depot, Orbital Command  
  20  1:44  Factory  
  20  1:53  SCV  
  21  1:58  Marine  
  22  2:05  SCV  
  23  2:17  Barracks Tech Lab, SCV  
  24  2:24  Command Center  
  24  2:29  SCV  
  25  2:36  Starport  
  25  2:41  SCV  
  25  2:43  Hellion  
  28  2:49  Supply Depot  
  28  2:51  Barracks Reactor  
  28  2:55  SCV  
  29  3:04  Widow Mine  
  31  3:11  SCV  
  31  3:12  Cloaking Field  
  32  3:15  Banshee  
  35  3:23  SCV  
  35  3:26  Factory Tech Lab  
  36  3:31  Refinery  
  38  3:36  SCV  
  38  3:37  Orbital Command  
  38  3:40  Marine x2  
  39  3:45  Cyclone  
  43  3:48  SCV  
  43  3:57  Supply Depot  
  43  4:00  SCV  
  43  4:02  SCV  
  45  4:05  Raven  
  45  4:06  Marine  
  45  4:07  Marine  
  49  4:12  SCV  
  49  4:14  SCV  
  51  4:17  Supply Depot  
  51  4:21  Siege Tank  
  54  4:25  Marine x2  
  54  4:27  SCV  
  54  4:28  SCV  
  58  4:39  SCV  
  58  4:41  SCV  
  58  4:43  Marine x2  
  60  4:50  Raven  
  60  4:51  SCV  
  62  4:53  SCV  
  58  5:04  Marine x2  
  58  5:06  SCV  
  58  5:07  SCV  
  62  5:09  Command Center, Siege Tank  
  65  5:18  SCV  
  65  5:19  SCV  
  67  5:22  Supply Depot  
  67  5:23  Supply Depot  
  67  5:25  Marine x2, Refinery  
  69  5:31  SCV  
  70  5:44  Siege Tank, SCV  
  70  5:48  Viking x2  
  77  5:52  Marine  
  77  5:54  SCV  
  77  5:56  SCV  
  80  5:57  Supply Depot  
  80  5:59  Supply Depot  
  80  6:02  Stimpack  
  80  6:06  SCV  
  80  6:08  SCV  
  82  6:15  Marine  
  82  6:18  Siege Tank  
  86  6:19  Viking  
  86  6:22  Viking  
  86  6:25  SCV x2  
  92  6:34  Marine  
  92  6:35  Orbital Command  
  92  6:37  SCV x2  
  95  6:49  Viking  
  95  6:51  SCV x2  
  95  6:52  Viking  
  101  6:58  Marine, Orbital Command  
  101  7:00  Siege Tank  
  105  7:09  Barracks  
  105  7:11  Barracks, SCV x2  
  107  7:17  Supply Depot  
  107  7:19  Marine  
  107  7:22  Viking x2  
  112  7:23  SCV x2  
  112  7:24  SCV  
  115  7:37  Marine  
  115  7:39  Siege Tank, SCV x3  
  115  7:40  Supply Depot  
  115  7:41  Supply Depot  
  122  7:49  Engineering Bay x2  
  122  7:55  Marine  
  122  7:56  SCV x3  
  124  8:06  Barracks Reactor x2  
  124  8:08  Viking x2  
  124  8:10  SCV x3  
  124  8:12  Refinery  
  129  8:13  Marine, Refinery  
Tags
 
Add a new tag
Caveats
  • Supply blocks, unpowered buildings, or Contaminate may cause inaccurate times.
  • Supply counts are checked every 10 seconds.